 Dungeon Crawl Stone Soup version 0.30-a0-900-g23479c02f2 (webtiles) character file.

Game seed: 9746566970697528021

1054 Demosthentine the Ducker (level 8, -4/62 HPs)
             Began as a Demonspawn Gladiator on Mar 18, 2023.
             Slain by a kobold
             ... wielding a +0 whip
              (6 damage)
             ... on level 6 of the Dungeon.
             The game lasted 00:08:01 (5367 turns).

Demosthentine the Ducker (Demonspawn Gladiator)     Turns: 5367, Time: 00:08:02

Health: -4/62      AC: -8    Str: 16      XL:     8   Next: 5%
Magic:  8/8        EV: 19    Int: 10      God:
Gold:   195        SH:  0    Dex: 20 (21) Spells: 7/7 levels left

rFire   . . .      SeeInvis .    v - +0 spear
rCold   . . .      Faith    .    (no shield)
rNeg    . . .      Spirit   .    b - +0 leather armour
rPois   +          Reflect  .    c - +0 helmet
rElec   .          Rampage  .    (no cloak)
rCorr   .                        i - +2 pair of gloves {Stlth+}
Will    .....                    (no boots)
Stlth   ++                       (no amulet)
HPRegen 0.30/turn                j - +6 ring of dexterity
MPRegen 0.11/turn                n - ring of poison resistance

@: mighty, agile, corroded
A: powered by pain 2, mutation resistance 1
a: no special abilities


You were on level 6 of the Dungeon.
You visited 1 branch of the dungeon, and saw 6 of its levels.

You collected 195 gold pieces.

Inventory:

Hand Weapons
 v - a +0 spear (weapon)
Missiles
 e - 7 javelins (quivered)
 r - 2 throwing nets
Armour
 b - a +0 leather armour (worn)
 c - a +0 helmet (worn)
 i - a +2 pair of gloves of stealth (worn)
Jewellery
 d - a ring of positive energy
 j - a +6 ring of dexterity (left hand)
 l - a ring of protection from fire
 m - a ring of protection from cold
 n - a ring of poison resistance (right hand)
 q - a ring of flight
 t - a +6 ring of strength
Wands
 g - a wand of light (7)
 h - a wand of paralysis (6)
 p - a wand of mindburst (6)
Scrolls
 o - 4 scrolls of teleportation
 u - a scroll of immolation
Potions
 w - a potion of flight


   Skills:
 + Level 5.0 Fighting
 + Level 5.0 Polearms
 - Level 1.7 Throwing
 + Level 4.0 Armour
 + Level 5.0 Dodging


You had 7 spell levels left.
You didn't know any spells.
Your spell library contained the following spells:

 Spells                   Type           Power      Damage    Failure   Level
 Shock                    Conj/Air       0%         1d3       41%         1
 Call Canine Familiar     Summ           0%         N/A       80%         3
 Portal Projectile        Hex/Tloc       0%         N/A       80%         3
 Swiftness                Air            0%         N/A       80%         3
 Airstrike                Air            0%         2d(0-16)  99%         4
 Leda's Liquefaction      Hex/Erth       0%         N/A       99%         4


Dungeon Overview and Level Annotations

Branches:
Dungeon (6/15)
 Temple: D:4-7

Altars:

Shops:
D:4 :

Annotations:
D:5 1 runed translucent door, bigduke15's ghost, novice DEFE


Innate Abilities, Weirdness & Mutations

You sometimes gain power by taking damage.
You are somewhat resistant to further mutation.


Message History

The kobold brigand hits you with a +0 short sword!
The jelly barely misses you. The kobold closely misses you.
You hit the jelly.
You kill the jelly!
The kobold hits you with a +0 whip. The kobold brigand barely misses you.
The kobold barely misses you.
You feel your dexterity returning.
Unknown command.
You barely miss the kobold brigand.
The kobold brigand is moderately wounded.
The kobold completely misses you. The kobold brigand misses you.
The kobold completely misses you.
Unknown command.
You puncture the kobold brigand!
The kobold brigand is severely wounded.
The kobold hits you with a +0 whip.
* * * LOW HITPOINT WARNING * * *
The kobold brigand hits you with a +0 short sword.
* * * LOW HITPOINT WARNING * * *
The kobold misses you.
You hit the kobold brigand but do no damage.
The kobold brigand is severely wounded.
The kobold brigand completely misses you.
The kobold hits you with a +0 whip.
* * * LOW HITPOINT WARNING * * *
The kobold misses you.
Unknown command.
You barely miss the kobold brigand.
The kobold brigand is severely wounded.
Unknown command.
You hit the kobold brigand.
The kobold brigand is severely wounded.
The kobold hits you with a +0 whip.
* * * LOW HITPOINT WARNING * * *
The kobold hits you with a +0 short sword.
* * * LOW HITPOINT WARNING * * *
The kobold brigand barely misses you.
Okay, then.
The kobold hits you with a +0 whip.
You die...

###### .....#########
####.##......#
####.##...(..####
................######
###.###..............#
....###..............#
######........KK.....#
................@....#
.........>....K......#
#########......).....#
#'#.......$..#
#...)########### #....
#.... #.... #....


You could see a kobold brigand and 2 kobolds.

Vanquished Creatures
  Eustachio (D:5)
  Edmund (D:4)
  An orc warrior (D:4)
  An ice beast (D:6)
  A scorpion (D:4)
  A hound (D:5)
  4 orc priests
  2 jellies
  An iguana (D:4)
  2 orc wizards
  3 gnolls
  7 adders
  4 shadow imps (D:4)
  An ufetubus (D:5)
  2 worms
  6 dart slugs
  23 orcs
  5 bats
  8 endoplasms
  6 giant cockroaches
  5 goblins
  4 hobgoblins
  12 jackals (D:2)
  7 kobolds
  4 quokkas
  4 ball pythons
  5 frilled lizards
  5 rats
126 creatures vanquished.

Notes
Turn   | Place    | Note
-------+----------+-------------------------------------------
     0 | D:1      | Demosthentine the Demonspawn Gladiator began the quest for
                  | the Orb.
     0 | D:1      | Reached XP level 1. HP: 16/16 MP: 1/1
   147 | D:1      | Gained mutation: You sometimes gain a little power by
                  | taking damage. [demonic ancestry]
   147 | D:1      | Reached XP level 2. HP: 22/22 MP: 2/2
   517 | D:1      | Reached skill level 1 in Armour
   702 | D:1      | Reached XP level 3. HP: 25/28 MP: 3/3
  1146 | D:2      | Reached XP level 4. HP: 31/34 MP: 4/4
  1998 | D:3      | Reached XP level 5. HP: 33/41 MP: 5/5
  2748 | D:4      | Found Goledwuu's Book Boutique.
  2769 | D:4      | Gained mutation: You sometimes gain power by taking damage.
                  | [demonic ancestry]
  2769 | D:4      | Reached XP level 6. HP: 42/47 MP: 6/6
  2854 | D:4      | Noticed Edmund
  2876 | D:4      | Killed Edmund
  3276 | D:4      | Found a transporter.
  3309 | D:4      | Noticed an orc warrior
  3325 | D:4      | Gained mutation: You are somewhat resistant to further
                  | mutation. [potion of mutation]
  3337 | D:4      | Killed an orc warrior
  3338 | D:4      | Reached XP level 7. HP: 46/54 MP: 7/7
  3399 | D:4      | Found a transporter.
  4218 | D:5      | Entered Level 5 of the Dungeon
  4457 | D:5      | Found a runed translucent door.
  4940 | D:5      | Noticed Eustachio
  5012 | D:5      | Killed Eustachio
  5221 | D:5      | Noticed bigduke15's ghost (novice DEFE)
  5295 | D:6      | Reached skill level 5 in Fighting
  5295 | D:6      | Reached skill level 5 in Polearms
  5295 | D:6      | Reached skill level 5 in Dodging
  5295 | D:6      | Reached XP level 8. HP: 58/62 MP: 8/8
  5366 | D:6      | HP: 2/62 [kobold/+0 short sword (4)]
  5367 | D:6      | Slain by a kobold

Illustrated notes

Levels and vault maps discovered:
D:1:      saegor_arrival_simple_d, layout_loops_ring, nrook_mini_backslash,
          minmay_misc_feat_enclosed, chequers_serial_rivers_small_3
D:2:      layout_basic
D:3:      layout_basic, hex_large, minivault_19, kennysheep_generic_room_2
D:4:      gammafunk_wand_slinger, layout_loops_ring, serial_shops,
          nicolae_shop_advertising_works [nicolae_subvault_shop_adworks],
          hangedman_abyss_or_decor_stagger, mrwooster_statue_mirror,
          corexii_hall_statues_u, item_on_display_a, uniq_edmund
D:5:      layout_basic, ebering_ghost_sewer_d, uniq_eustachio
D:6:      layout_basic, uniq_crazy_yiuf_cottage

Skill      XL: |  1  2  3  4  5  6  7  8 |
---------------+-------------------------+-----
Polearms       | 3 4 5 |  5.0
Dodging        | 3 4 5 |  5.0
Armour         | 1 2 3 4 |  4.0
Fighting       | 3 4 5 |  5.0
Throwing       | |  1.7

Action                     |  1- 3 |  4- 6 |  7- 9 || total
---------------------------+-------+-------+-------++-------
  Melee: Trident           |   103 |   237 |    72 ||   412
         Punch             |       |     3 |     3 ||     6
         Spear             |       |       |   175 ||   175
  Throw: Throwing net      |       |     5 |       ||     5
         Javelin           |       |     1 |       ||     1
  Evoke: Wand              |       |     3 |       ||     3
    Use: Scroll            |     2 |     3 |     6 ||    11
         Potion            |       |     4 |     5 ||     9
   Stab: Sleeping          |     3 |    12 |     3 ||    18
         Paralysed         |       |    10 |       ||    10
         Held in net/web   |       |     5 |       ||     5
 Armour: Leather armour    |    20 |    83 |    56 ||   159
  Dodge: Dodged            |    49 |   136 |   168 ||   353

Table legend: (Time is in decaauts)
 A = Elapsed time spent in this place.
 B = Non-inter-level travel time spent in this place.
 C = Inter-level travel time spent in this place.
 D = Time resting spent in this place.
 E = Time spent auto-exploring this place.
 F = Levels seen in this place.
 G = Mean time per level.
                   A        B        C        D        E       F      G
               +--------+--------+--------+--------+--------+-----+--------+
         Total |   5401 |   5231 |    170 |    183 |   3804 |   6 |  900.2 |
       Dungeon |   5401 |   5231 |    170 |    183 |   3804 |   6 |  900.2 |
               +--------+--------+--------+--------+--------+-----+--------+

Top non-repeatable levels by time:
     D:4: 1418 daAuts
     D:5: 1008 daAuts
     D:2: 996 daAuts
     D:3: 946 daAuts
     D:1: 916 daAuts
     D:6: 116 daAuts
